 Dungeon Crawl Stone Soup version 0.30.1-11-g7821555f0a (webtiles) character file.

Game seed: 16675794102866533643

453 Pooter the Chopper (level 6, -2/56 HPs)
             Began as a Minotaur Berserker on Nov 9, 2023.
             Was a Believer of Trog.
             Slain by a sixfirhy (11 damage)
             ... on level 2 of the Abyss.
             The game lasted 00:22:19 (3455 turns).

Pooter the Chopper (Minotaur Berserker)             Turns: 3455, Time: 00:22:20

Health: -2/56      AC:  9    Str: 29    XL:     6   Next: 75%
Magic:  5/5        EV: 14    Int:  4    God:    Trog [**....]
Gold:   77         SH:  0    Dex: 10    Spells: 5/5 levels left

rFire   + . .        a - +2 spear (freeze)
rCold   + . .        (no shield)
rNeg    . . .        k - +0 chain mail
rPois   .            (helmet restricted)
rElec   .            q - scarf {rC+ rF+}
rCorr   .            (no gloves)
SInv    .            y - +0 pair of boots
Will    .....        (no amulet) Stlth
                     j - +6 ring of strength
HPRegen 0.29/turn    r - +5 ring of evasion
MPRegen 0.09/turn

%: no passive effects
@: no status effects
A: horns 2, retaliatory headbutt
a: Renounce Religion, Berserk, Trog's Hand


You were on level 2 of the Abyss.
You worshipped Trog.
Trog was pleased with you.
You visited 1 branch of the dungeon, and saw 5 of its levels.
You visited the Abyss 1 time.

You collected 266 gold pieces.
You spent 189 gold pieces at shops.

Inventory:

Hand Weapons
 a - a +2 spear of freezing (weapon)
   (You took it off a gnoll on level 4 of the Dungeon)
 b - a +0 sling
   (You found it on level 1 of the Dungeon)
 g - a +2 dagger of venom {short}
   (You took it off a kobold on level 1 of the Dungeon)
 i - a +0 hand axe {axe}
Missiles
 o - 7 poisoned darts (quivered) {throwing}
 Q - 32 stones {throwing}
Armour
 k - a +0 chain mail (worn)
   (You found it on level 1 of the Dungeon)
 l - a +2 cloak
   (You found it on level 2 of the Dungeon)
 q - a scarf of resistance (worn)
   (You found it on level 3 of the Dungeon)
 y - a +0 pair of boots (worn)
   (You found it on level 7 of the Dungeon)
Jewellery
 j - a +6 ring of strength (left hand)
   (You found it on level 1 of the Dungeon)
 m - a ring of resist corrosion
   (You found it on level 2 of the Dungeon)
 r - a +5 ring of evasion (right hand)
   (You found it on level 3 of the Dungeon)
 x - a ring of ice
   (You found it on level 3 of the Dungeon)
Wands
 h - a wand of quicksilver (8)
   (You found it on level 3 of the Dungeon)
 u - a wand of paralysis (5)
   (You found it on level 3 of the Dungeon)
Scrolls
 c - a scroll of blinking
 d - a scroll of fear
 t - 6 scrolls of teleportation {@r4}
 v - a scroll of poison {!r}
Potions
 e - 3 potions of curing {@q1}
 f - 2 potions of heal wounds {unknown}
 n - a potion of might {unknown}
 p - a potion of cancellation {unknown}
 s - a potion of haste {unknown}
 w - 2 potions of attraction {unknown}
 z - a potion of magic {unknown}


   Skills:
 + Level 5.4 Fighting
 * Level 6.8 Axes
 * Level 4.1 Ranged Weapons
 - Level 2.4 Armour
 - Level 2.1 Dodging


You had 5 spell levels left.
You didn't know any spells.
Your spell library contained the following spells:

 Spells                   Type           Power      Damage    Failure   Level
 Frozen Ramparts          Ice            0%         1d1       100%        3
 Ice Form                 Ice/Tmut       0%         N/A       100%        4
 Summon Ice Beast         Ice/Summ       0%         N/A       100%        4


Dungeon Overview and Level Annotations

Branches:
Dungeon (7/15) Zot: 26523
 Temple: D:4-7

Altars:
Fedhas
Zin

Shops:
D:1 ?

Annotations:
D:7 Maggie


Innate Abilities, Weirdness & Mutations

You have a pair of horns on your head.
You reflexively headbutt those who attack you in melee.


Message History

You hit Maggie. You freeze Maggie.
You reach to attack!
The helpless Maggie fails to defend herself.
You puncture Maggie! You freeze Maggie.
You reach to attack!
The helpless Maggie fails to defend herself.
You hit Maggie. You freeze Maggie.
You reach to attack!
The helpless Maggie fails to defend herself.
You puncture Maggie! You freeze Maggie.
You reach to attack!
The helpless Maggie fails to defend herself.
You hit Maggie. You freeze Maggie.
Maggie is no longer paralysed.
Maggie mumbles some strange words.
Maggie attempts to bespell you!
You are mesmerised by Maggie!
Maggie barely misses you.
You reach to attack!
You closely miss Maggie.
Maggie hits you from afar with a +1 halberd of distortion!
You are cast into the Abyss!
This branch contains the abyssal rune of Zot.
No target in view!
No target in view!
You feel yourself speed up.
You recover from your berserk rage.
A sixfirhy comes into view.
You reach to attack!
You closely miss the sixfirhy.
You reach to attack!
You closely miss the sixfirhy. The sixfirhy hits you! The sixfirhy shocks you!
The sixfirhy closely misses you. You furiously retaliate!
You headbutt the sixfirhy. The sixfirhy hits you.
* * * LOW HITPOINT WARNING * * *
The sixfirhy shocks you!
* * * LOW HITPOINT WARNING * * *
You are too injured to fight recklessly!
You are too injured to fight recklessly!
You are too injured to fight recklessly!
Unknown command.
You barely miss the sixfirhy.
The sixfirhy hits you but does no damage.
The sixfirhy barely misses you. The sixfirhy closely misses you.
The sixfirhy hits you but does no damage.
You completely miss the sixfirhy. You hit the sixfirhy.
You freeze the sixfirhy. You miss the sixfirhy.
Your headbutt misses the sixfirhy.
The sixfirhy hits you but does no damage.
You hit the sixfirhy. You freeze the sixfirhy. The sixfirhy closely misses you.
You furiously retaliate!
You headbutt the sixfirhy. The sixfirhy hits you!
* * * LOW HITPOINT WARNING * * *
The sixfirhy shocks you!
You die...

. .. ... ....
..... #####......
#..@3......
........∩.......
#....##..........
#... #...........
... .............
.. ...#..........
. ....#..........
..........#....


You could see a sixfirhy.

Vanquished Creatures
  A steam dragon (D:7)
  A phantom (D:3)
  A wight (D:7)
  A gnoll bouda (D:4)
  5 gnolls
  2 adders
  4 worms
  2 dart slugs
  4 orcs (D:3)
  8 endoplasms
  2 giant cockroaches
  9 goblins
  7 hobgoblins
  2 jackals (D:1)
  7 kobolds
  7 quokkas
  7 ball pythons
  10 bats
  4 frilled lizards
  4 rats
88 creatures vanquished.

Notes
Turn   | Place    | Note
-------+----------+-------------------------------------------
     0 | D:1      | Pooter the Minotaur Berserker began the quest for the Orb.
     0 | D:1      | Reached XP level 1. HP: 19/19 MP: 0/0
     0 | D:1      | magus.rc [v1.9.6]
    89 | D:1      | Reached skill level 4 in Axes
   149 | D:1      | Reached XP level 2. HP: 26/27 MP: 1/1
   230 | D:1      | Found Ukeos's Magic Scroll Shop.
   233 | D:1      | Bought a scroll of identify for 28 gold pieces
   296 | D:1      | HP: 10/40 [poisoned by a kobold]
   300 | D:1      | HP: 4/27 [poisoned by a kobold]
   758 | D:1      | Reached XP level 3. HP: 33/33 MP: 2/2
  1003 | D:1      | Reached ** piety under Trog
  1148 | D:1      | Bought a scroll of poison for 56 gold pieces
  1496 | D:2      | You pick up a book of Rime {forbidden} and begin reading...
  1496 | D:2      | You add the spells Frozen Ramparts, Ice Form and Summon Ice
                  | Beast to your library.
  1762 | D:2      | Reached skill level 1 in Ranged Weapons
  1764 | D:2      | Reached skill level 5 in Axes
  2251 | D:3      | Reached XP level 4. HP: 41/41 MP: 3/3
  2544 | D:1      | Bought a scroll of blinking for 105 gold pieces
  2666 | D:3      | Found a blossoming altar of Fedhas.
  2672 | D:3      | Found a glowing silver altar of Zin.
  2888 | D:3      | Noticed a phantom
  2893 | D:3      | Killed a phantom
  2894 | D:3      | Reached XP level 5. HP: 47/47 MP: 4/4
  3274 | D:4      | Reached skill level 6 in Axes
  3276 | D:4      | Reached skill level 5 in Fighting
  3289 | D:4      | Reached XP level 6. HP: 56/56 MP: 5/5
  3336 | D:4      | You fall into a shaft and drop 3 floors!
  3389 | D:7      | Noticed a steam dragon
  3395 | D:7      | Killed a steam dragon
  3404 | D:7      | Noticed Maggie
  3421 | Abyss:2  | Cast into level 2 of the Abyss (Maggie)
  3446 | Abyss:2  | Noticed a sixfirhy
  3455 | Abyss:2  | Slain by a sixfirhy

Illustrated notes

Levels and vault maps discovered:
D:1:      psy_arrival_radial02, layout_basic, serial_shops,
          nicolae_shop_real_fake_doors
D:2:      minmay_evil_eye, layout_loops_corners, hex_large
D:3:      layout_basic, minitemple, minmay_joined_circles
D:4:      layout_basic
D:7:      layout_rooms, uniq_maggie
Abyss:2:  base: D:3, hangedman_abyss_or_decor_slice, hangedman_decor_peaks_small

Skill      XL: |  1  2  3  4  5  6 |
---------------+-------------------+-----
Axes           | 4 5 6 |  6.8
Fighting       | 4 5 |  5.4
Ranged Weapons | 1 2 3 4 |  4.1
Armour         | |  2.4
Dodging        | |  2.1

Action                     |  1- 3 |  4- 6 || total
---------------------------+-------+-------++-------
  Melee: Hand axe          |    75 |    40 ||   115
         Headbutt          |    14 |     7 ||    21
         Spear             |       |    30 ||    30
   Fire: Sling             |    27 |    40 ||    67
 Invoke: Berserk           |     1 |     3 ||     4
         Trog's Hand       |       |     2 ||     2
  Evoke: Wand              |       |     6 ||     6
    Use: Scroll            |     2 |     2 ||     4
   Stab: Paralysed         |       |     7 ||     7
 Armour: Animal skin       |     8 |       ||     8
         Chain mail        |    25 |    14 ||    39
  Dodge: Dodged            |    53 |    41 ||    94
